 Dungeon Crawl Stone Soup version 0.28.0 (webtiles) character file.

Game seed: 7703187047234327967

774 AmazingTV the Covert (level 7, -1/33 HPs)
             Began as a Spriggan Brigand on June 28, 2022.
             Slain by an orc warrior (16 damage)
             ... on level 5 of the Dungeon.
             The game lasted 00:17:28 (7088 turns).

AmazingTV the Covert (Spriggan Brigand)             Turns: 7088, Time: 00:17:28

Health: -1/33      AC: 10    Str:  7    XL:     7   Next: 53%
Magic:  8/8        EV: 20    Int: 13    God:
Gold:   193        SH:  0    Dex: 18    Spells: 6/6 levels left

rFire   . . .      SeeInvis +   a - +3 dagger (protect)
rCold   . . .      Faith    .   (no shield)
rNeg    . . .      Spirit   .   b - +0 robe
rPois   .          Reflect  .   (helmet restricted)
rElec   .          Harm     .   c - +0 cloak
rCorr   .          Rampage  .   (gloves unavailable)
Will    +....                   (boots unavailable)
Stlth   +++++.....              (no amulet)
HPRegen 0.11/turn               q - +4 ring of evasion
MPRegen 0.11/turn               (no ring)

@: under a protective aura, very quick
A: very small, no large weapons, unfitting armour, see invisible, speed 3
a: no special abilities


You were on level 5 of the Dungeon.
You visited 1 branch of the dungeon, and saw 5 of its levels.

You collected 193 gold pieces.

Inventory:

Hand Weapons
 a - a +3 dagger of protection (weapon)
 i - a +0 short sword
 t - a +2 dagger
Missiles
 e - 3 curare-tipped darts (quivered)
 k - 179 stones
 o - 78 arrows
 p - 64 sling bullets
Armour
 b - a +0 robe (worn)
 c - a +0 cloak (worn)
Jewellery
 q - a +4 ring of evasion (left hand)
 r - a +6 ring of dexterity
Wands
 y - a wand of polymorph (2)
Scrolls
 f - a scroll of vulnerability {unknown}
 l - 5 scrolls of identify {unknown}
 u - a scroll of immolation {unknown}
 v - a scroll of fog
 w - 3 scrolls of fear {unknown}
 x - 3 scrolls of blinking {unknown}
 z - a scroll of torment {unknown}
Potions
 g - a potion of lignification
 j - a potion of invisibility {unknown}
 m - a potion of heal wounds {unknown}
 s - a potion of flight {unknown}


   Skills:
 - Level 1.5 Fighting
 + Level 4.4 Short Blades
 - Level 5.4(5.7) Slings
 - Level 2.0(3.5) Throwing
 - Level 1.3 Dodging
 + Level 10.9 Stealth


You had 6 spell levels left.
You didn't know any spells.
Your spell library contained the following spells:

 Spells                   Type           Power      Damage    Failure   Level
 Beastly Appendage        Tmut           0%         N/A       30%         1
 Slow                     Hex            0%         N/A       30%         1
 Sublimation of Blood     Necr           0%         N/A       43%         2
 Wereblood                Tmut           0%         N/A       43%         2
 Confusing Touch          Hex            0%         N/A       67%         3
 Inner Flame              Hex/Fire       0%         N/A       67%         3
 Spider Form              Tmut/Pois      0%         N/A       67%         3
 Vampiric Draining        Necr           0%         2d6       67%         3
 Cause Fear               Hex            0%         N/A       97%         4
 Alistair's Intoxication  Tmut/Pois      0%         N/A       100%        5
 Borgnjor's Vile Clutch   Necr/Erth      0%         N/A       100%        5
 Eringya's Noxious Bog    Tmut/Pois      0%         N/A       100%        6
 Summon Hydra             Summ           0%         N/A       100%        7
 Discord                  Hex            0%         N/A       100%        8


Dungeon Overview and Level Annotations

Branches:
Dungeon (5/15)
 Temple: D:4-7

Altars:
Nemelex Xobeh
Okawaru

Annotations:
D:4 1 transporter


Innate Abilities, Weirdness & Mutations

You are very small and have problems with some larger weapons.
You are too small for most types of armour.
You have supernaturally acute eyesight. (SInv)
You cover ground extremely quickly. (Speed+++)


Message History

The orc warrior misses you.
You closely miss the orc warrior.
The orc warrior is heavily wounded.
You hit the orc warrior but do no damage.
The orc warrior is heavily wounded.
The orc warrior misses you.
You barely miss the orc warrior.
The orc warrior is heavily wounded.
The orc warrior looks more healthy.
The orc warrior misses you.
You hit the orc warrior but do no damage.
The orc warrior is heavily wounded.
The orc warrior hits you with a +0 mace.
You hit the orc warrior but do no damage.
The orc warrior is heavily wounded.
The orc warrior barely misses you.
You are too injured to fight recklessly!
You are too injured to fight recklessly!
You open the door.
There is an open door here.
You are too injured to fight recklessly!
Throw: 4 darts (curare)
Press: ? - help, Q - select action, (/) - cycle Shift-Dir - straight line, f/p - orc warrior
Aim: an orc warrior, wielding a +0 mace and wearing a +0 chain mail (heavily wounded, 58% to hit)
You throw a curare-tipped dart.
The curare-tipped dart hits the orc warrior.
The orc warrior is poisoned.
The orc warrior convulses.
The orc warrior seems to slow down.
The orc warrior is almost dead.
You closely miss the orc warrior.
The orc warrior is almost dead.
You hit the orc warrior but do no damage.
Your weapon exudes an aura of protection.
The orc warrior is almost dead.
The orc warrior completely misses you.
You closely miss the orc warrior.
The orc warrior is almost dead.
You hit the orc warrior but do no damage.
The orc warrior is almost dead.
The orc warrior hits you with a +0 mace!
You die...

#.# ##.# 8.8 ### #
#.#############..#
##8##.##8##8##8##...#
..............o.'..#
##8##(##8##8##8##(.#
##.###########o.#
#8.8# ##.....@..##
##.####..........##
##.###............#
#8.8#...######..###
..##(##.. ..##
#.##.## ..# #.#8.8#
..# ##.##.## ##
#..##'## ..#


You could see an orc warrior (very poisoned, slow).

Vanquished Creatures
  A black bear (D:5)
  A centaur (D:5)
  A water moccasin skeleton (D:4)
  A howler monkey (D:5)
  A hound (D:5)
  A bullfrog zombie (D:5)
  An orc priest (D:4)
  A scorpion zombie (D:5)
  2 orc wizards (D:3)
  3 iguanas
  Ijyb (D:4)
  A killer bee zombie (D:5)
  3 gnolls (D:4)
  8 adders
  A white imp (D:5)
  2 ufetubi
  2 worms
  2 dart slugs
  15 orcs
  10 ball pythons
  6 bats
  5 endoplasms
  A giant cockroach (D:1)
  3 goblins
  3 hobgoblins
  7 jackals
  6 kobolds
  3 quokkas
  3 frilled lizards
  6 rats
101 creatures vanquished.

Vanquished Creatures (others)
  4 plants (D:2)
4 creatures vanquished.

Grand Total: 105 creatures vanquished

Notes
Turn   | Place    | Note
-------+----------+-------------------------------------------
     0 | D:1      | AmazingTV the Spriggan Brigand began the quest for the Orb.
     0 | D:1      | Reached XP level 1. HP: 10/10 MP: 2/2
   295 | D:1      | Reached skill level 6 in Stealth
   415 | D:1      | Reached skill level 1 in Slings
   645 | D:1      | Reached XP level 2. HP: 14/14 MP: 3/3
  1417 | D:2      | Found a faded altar of an unknown god.
  1433 | D:2      | Reached XP level 3. HP: 18/18 MP: 4/4
  2032 | D:2      | Reached skill level 7 in Stealth
  2351 | D:2      | Reached XP level 4. HP: 22/22 MP: 5/5
  3451 | D:3      | Found Rosev's Weapon Shop.
  3513 | D:3      | Found an iron altar of Okawaru.
  3625 | D:3      | Found the +1 Delatra's gloves {ID++}
  3669 | D:3      | Reached skill level 8 in Stealth
  3669 | D:3      | Reached XP level 5. HP: 7/25 MP: 6/6
  4785 | D:4      | Reached skill level 5 in Slings
  4785 | D:4      | Reached skill level 9 in Stealth
  4785 | D:4      | Reached XP level 6. HP: 18/30 MP: 7/7
  4927 | D:4      | Noticed Ijyb
  4994 | D:4      | Killed Ijyb
  5232 | D:4      | Found a sparkling altar of Nemelex Xobeh.
  5232 | D:4      | Found a transporter.
  5545 | D:5      | Entered Level 5 of the Dungeon
  6301 | D:5      | Reached skill level 10 in Stealth
  6301 | D:5      | Reached XP level 7. HP: 33/33 MP: 8/8
  7088 | D:5      | Slain by an orc warrior

Illustrated notes

Levels and vault maps discovered:
D:1:      roderic_octagonal_star, layout_loops_ring
D:2:      layout_rooms, hellmonk_ecumenical_altar_pennies_from_heaven,
          chequers_big_river
D:3:      layout_basic, okawaru_gym_becter, serial_shops,
          nicolae_shop_bloodbath_and_beyond, hex_tiny,
          chequers_serial_rivers_room_a, pf_guarded_unrand_delatra
D:4:      layout_rooms, grunt_nemelex_the_gamble, kennysheep_cross_bottleneck,
          uniq_ijyb
D:5:      cheibrodos_barr_body, layout_layer_cave, minmay_temple_entry_slanted,
          dk_noncrumbling_2

Skill      XL: |  1  2  3  4  5  6  7 |
---------------+----------------------+-----
Stealth        | 6 7 8 9 10 | 10.9
Slings         | 1 2 3 5 |  5.4
Short Blades   | 3 4 |  4.4
Fighting       | |  1.5
Throwing       | |  2.0
Dodging        | |  1.3

Action                   |  1- 3 |  4- 6 |  7- 9 || total
-------------------------+-------+-------+-------++-------
Melee: Dagger            |   132 |   246 |    44 ||   422
       Punch             |       |     4 |       ||     4
Throw: Dart              |    14 |    28 |     8 ||    50
  Use: Potion            |       |     3 |       ||     3
       Scroll            |       |       |     2 ||     2
 Stab: Sleeping          |    10 |    15 |     6 ||    31
       Distracted        |     1 |       |     1 ||     2
Armor: Robe              |    21 |    15 |       ||    36
       Skin              |       |     2 |       ||     2
Dodge: Dodged            |    99 |   247 |    25 ||   371
